 Dungeon Crawl Stone Soup version 0.30.1-9-gdf580d7c3d (webtiles) character file.

Game seed: 1639301514080268544

1332 Cheops the Cleaver (level 8, -8/67 HPs)
             Began as an Ogre Ice Elementalist on Oct 24, 2023.
             Was an Initiate of Qazlal.
             Mangled by an ogre
             ... wielding a +0 giant club
              (33 damage)
             ... on level 5 of the Dungeon.
             The game lasted 00:19:24 (5010 turns).

Cheops the Cleaver (Ogre Ice Elementalist)          Turns: 5010, Time: 00:19:24

Health: -8/67      AC:  7    Str: 13    XL:     8   Next: 61%
Magic:  11/14      EV:  7    Int: 26    God:    Qazlal [......]
Gold:   78         SH:  6    Dex:  9    Spells: 6/15 levels left

rFire   . . .        m - +6 hand axe "Fuhy" {protect, Contam *Corrode Will+ Int+8}
rCold   . . .        y - +0 kite shield
rNeg    . . .        c - +0 robe
rPois   .            (helmet restricted)
rElec   .            (no cloak)
rCorr   .            (gloves unavailable)
SInv    .            (boots unavailable)
Will    +....        (no amulet)
Stlth   +            s - +4 ring of protection
HPRegen 0.31/turn    u - +4 ring of slaying
MPRegen 0.14/turn

%: corrode self (3%)
@: studying Shields
A: large, unfitting armour, tough skin 1
a: Renounce Religion


You were on level 5 of the Dungeon.
You worshipped Qazlal.
Qazlal was noncommittal.
You visited 2 branches of the dungeon, and saw 6 of its levels.

You collected 227 gold pieces.
You spent 149 gold pieces at shops.

Inventory:

Hand Weapons
 a - a +1 mace of protection
 m - the +6 hand axe "Fuhy" (weapon) {protect, Contam *Corrode Will+ Int+8}
   (You found it on level 2 of the Dungeon)

   Int:       It affects your intelligence (+8).
   Contam:    It causes magical contamination when unequipped.
   *Corrode:  It may corrode you when you take damage.
   Will:      It increases your willpower.
Armour
 c - a +0 robe (worn)
 y - a +0 kite shield (worn)
Jewellery
 n - a ring of positive energy
 s - a +4 ring of protection (left hand)
 u - a +4 ring of slaying (right hand)
Wands
 w - a wand of acid (14)
Scrolls
 e - 3 scrolls of vulnerability {unknown}
 f - 3 scrolls of immolation {unknown}
 g - a scroll of fog {unknown}
 h - 3 scrolls of fear
 i - 2 scrolls of enchant weapon
 q - 2 scrolls of teleportation
 r - a scroll of amnesia
 t - a scroll of magic mapping
 v - a scroll of blinking {unknown}
 z - a scroll of identify
Potions
 b - a potion of magic
 d - 2 potions of brilliance {unknown}
 j - 2 potions of curing {unknown}
 k - a potion of resistance {unknown}
 l - a potion of lignification {unknown}
 o - a potion of flight {unknown}
 p - a potion of degeneration {unknown}
 x - a potion of mutation {unknown}


   Skills:
 * Level 8.3 Axes
 - Level 1.7 Dodging
 - Level 1.4 Stealth
 + Level 0.0 Shields
 - Level 4.0 Spellcasting
 - Level 2.0 Transmutations
 - Level 5.0 Ice Magic
 - Level 2.0 Invocations


You had 6 spell levels left.
You knew the following spells:

 Your Spells              Type           Power      Damage    Failure   Level
a - Freeze                Ice            100%       1d10      4%          1
r - Frozen Ramparts       Ice            62%        1d10      14%         3
w - Wereblood             Tmut           15%        N/A       24%         2
A - Ozocubu's Armour      Ice            31%        N/A       14%         3

Your spell library contained the following spells:

 Spells                   Type           Power      Damage    Failure   Level
 Beastly Appendage        Tmut           30%        N/A       16%         1
 Spider Form              Tmut/Pois      10%        N/A       56%         3
 Summon Ice Beast         Ice/Summ       18%        N/A       77%         4


Dungeon Overview and Level Annotations

Branches:
Dungeon (5/15)             Temple (1/1) D:4

Altars:
Ashenzari
Cheibriados
Dithmenos
Elyvilon
Gozag
Hepliaklqana
Kikubaaqudgha
Makhleb
Nemelex Xobeh
Okawaru
Qazlal
Ru
Sif Muna
Trog
Wu Jian
Xom
Yredelemnul
Zin

Shops:
D:3 *

Annotations:
D:4 1 runed translucent door, lonewolfV2's ghost, amateur DsFi
D:5 Blork the orc


Innate Abilities, Weirdness & Mutations

You are too large for most types of armour.
You have tough skin. (AC +1)


Message History

An ogre is nearby!
An ogre is nearby!
An ogre is nearby!
An ogre is nearby!
The ogre shouts!
You slash the ogre!
Your weapon exudes an aura of protection.
The ogre is moderately wounded.
You block the ogre's attack.
You barely miss the ogre.
The ogre is moderately wounded.
The ogre hits you with a +0 giant club!!
You are too injured to fight recklessly!
You are too injured to fight recklessly!
You are too injured to fight recklessly!
Casting: Wereblood (dangerous; 24% risk of failure)
Confirm with . or Enter, or press ? or * to list all spells.
Aiming: Freeze (safe; 4% risk of failure)
Press: ? - help, Shift-Dir - straight line, f - ogre
Aim: an ogre, wielding a +0 giant club (moderately wounded)
You freeze the ogre!
The ogre is severely wounded.
The ogre hits you with a +0 giant club!!
* * * LOW HITPOINT WARNING * * *
Casting: Freeze (safe; 4% risk of failure)
Confirm with . or Enter, or press ? or * to list all spells.
Aiming: Freeze (safe; 4% risk of failure)
Press: ? - help, Shift-Dir - straight line, f/p - ogre
Aim: an ogre, wielding a +0 giant club (severely wounded)
You freeze the ogre.
The ogre is severely wounded.
Casting: Freeze (safe; 4% risk of failure)
Confirm with . or Enter, or press ? or * to list all spells.
Aiming: Freeze (safe; 4% risk of failure)
Press: ? - help, Shift-Dir - straight line, f/p - ogre
Aim: an ogre, wielding a +0 giant club (severely wounded)
You freeze the ogre.
The ogre is almost dead.
The ogre hits you with a +0 giant club!!
You die...

.....#...#.......#....
....##.#...........#.... .....
..#..........##....
.....####...........#.... ..
........................
....##..................##..
.....#...................##..
..............O...............
.......$.....@................
......#.....#...##...........
............#...#............
#+#.........#####............
###.#...........# #............
##...#...........# #.......#####
#................# #.....#######
#........#.....### #............
#........################.......


You could see an ogre.

Vanquished Creatures
  2 water moccasins (D:5)
  A black bear (D:4)
  An ogre (D:5)
  3 centaurs (D:5)
  2 scorpions (D:5)
  6 killer bees (D:5)
  A hound (D:5)
  A gnoll bouda (D:5)
  2 iguanas
  Robin (D:2)
  5 gnolls (D:5)
  5 adders
  An ufetubus (D:5)
  2 worms
  5 dart slugs
  3 orcs
  5 bats
  3 endoplasms
  2 giant cockroaches (D:2)
  14 goblins
  10 hobgoblins
  2 jackals (D:2)
  7 kobolds
  4 quokkas (D:2)
  6 ball pythons
  2 frilled lizards (D:3)
  5 rats
101 creatures vanquished.

Vanquished Creatures (others)
  A human (D:3)
1 creature vanquished.

Grand Total: 102 creatures vanquished

Notes
Turn   | Place    | Note
-------+----------+-------------------------------------------
     0 | D:1      | Cheops the Ogre Ice Elementalist began the quest for the
                  | Orb.
     0 | D:1      | Reached XP level 1. HP: 16/16 MP: 3/3
   263 | D:1      | Reached XP level 2. HP: 24/24 MP: 3/5
   920 | D:2      | Found a faded altar of an unknown god.
   988 | D:2      | Reached XP level 3. HP: 31/31 MP: 5/7
   992 | D:2      | Learned a level 3 spell: Ozocubu's Armour
   996 | D:2      | Learned a level 3 spell: Frozen Ramparts
  1166 | D:2      | Identified the +6 hand axe "Fuhy" {protect, Contam *Corrode
                  | Will+ Int+8}
  1661 | D:2      | Found a hazy altar of Hepliaklqana.
  1695 | D:2      | Reached XP level 4. HP: 39/39 MP: 1/8
  1763 | D:2      | Noticed Robin
  1774 | D:2      | Killed Robin
  1775 | D:2      | Reached skill level 5 in Ice Magic
  2025 | D:3      | Found Plog's General Store.
  2030 | D:3      | Reached skill level 1 in Axes
  2360 | D:3      | Found an ornate altar of the Wu Jian Council.
  2485 | D:3      | Found a sparkling altar of Nemelex Xobeh.
  2590 | D:3      | Found an ancient bone altar of Kikubaaqudgha.
  2591 | D:3      | Noticed a human
  2593 | D:3      | Killed a human
  2606 | D:3      | Reached skill level 2 in Axes
  2606 | D:3      | Reached XP level 5. HP: 45/45 MP: 9/9
  2922 | D:3      | Learned a level 2 spell: Wereblood
  2953 | D:3      | Bought a scroll of identify for 26 gold pieces
  2953 | D:3      | Bought a scroll of identify for 26 gold pieces
  2953 | D:3      | Bought a scroll of magic mapping for 97 gold pieces
  2988 | D:4      | Found a runed translucent door.
  3040 | D:4      | Noticed a black bear
  3052 | D:4      | Killed a black bear
  3053 | D:4      | Reached skill level 3 in Axes
  3122 | D:4      | Reached XP level 6. HP: 53/53 MP: 10/10
  3156 | D:4      | Reached skill level 4 in Axes
  3244 | D:4      | Noticed lonewolfV2's ghost (amateur DsFi)
  3275 | D:4      | Found a white marble altar of Elyvilon.
  3340 | D:4      | Found a staircase to the Ecumenical Temple.
  3573 | D:5      | Entered Level 5 of the Dungeon
  3613 | D:5      | Reached skill level 5 in Axes
  3614 | D:5      | Reached XP level 7. HP: 26/59 MP: 7/11
  3616 | D:5      | Reached skill level 6 in Axes
  3823 | Temple   | Entered the Ecumenical Temple
  4192 | Temple   | Became a worshipper of Qazlal Stormbringer
  4245 | D:5      | Reached skill level 1 in Transmutations
  4248 | D:5      | Reached skill level 1 in Invocations
  4372 | D:5      | Noticed Blork the orc
  4384 | D:5      | Found a shimmering blue altar of Sif Muna.
  4521 | D:5      | Found an opulent altar of Gozag.
  4552 | D:5      | Reached XP level 8. HP: 56/67 MP: 11/14
  4556 | D:5      | Reached skill level 7 in Axes
  4896 | D:5      | Reached skill level 8 in Axes
  5010 | D:5      | Mangled by an ogre

Illustrated notes

Levels and vault maps discovered:
D:1:      saegor_arrival_simple_a, layout_loops_ring, serial_park_tiny_pond,
          minmay_misc_feat_ornament, chequers_serial_rivers_small_a
D:2:      layout_basic, shapermc_ecumenical_altar_starsandcircs, basic_altar,
          uniq_robin
D:3:      layout_basic, nemelex_spade_bored_becter, lemuel_doored_altar,
          tgw_kikubaaqudgha, serial_shops, shop, kennysheep_generic_room_2
D:4:      layout_cave_pools, elyvilon_altar_5, minmay_temple_entry_waves,
          ebering_ghost_sewer_d
D:5:      layout_basic, kennysheep_mini, tgw_sif, minmay_manual_mares
Temple:   bh_familiar_temple

Skill      XL: |  1  2  3  4  5  6  7  8 |
---------------+-------------------------+-----
Spellcasting   | 3 4 |  4.0
Ice Magic      | 4 5 |  5.0
Axes           | 2 3 5 6 8 |  8.3
Transmutations | 2 |  2.0
Invocations    | 2 |  2.0
Dodging        | |  1.7
Stealth        | |  1.4

Action                     |  1- 3 |  4- 6 |  7- 9 || total
---------------------------+-------+-------+-------++-------
  Melee: Club              |     5 |       |       ||     5
         Short sword       |     2 |       |       ||     2
         Hand axe          |    11 |    78 |    52 ||   141
         Mace              |     9 |       |       ||     9
         Punch             |       |     1 |     1 ||     2
   Cast: Freeze            |    31 |     2 |    12 ||    45
         Frozen Ramparts   |     3 |     3 |     3 ||     9
         Ozocubu's Armour  |       |     1 |     1 ||     2
         Wereblood         |       |       |     1 ||     1
    Use: Scroll            |       |     5 |       ||     5
   Stab: Sleeping          |     1 |       |       ||     1
         Distracted        |       |     2 |       ||     2
 Armour: Robe              |    21 |    33 |    47 ||   101
  Dodge: Dodged            |    40 |    28 |    53 ||   121
  Block: Kite shield       |       |       |     1 ||     1
